 Dungeon Crawl Stone Soup version 0.26-a0-658-gbdda728c12 (webtiles) character file.

Game seed: 9378645642250040132

21359 tacoguy the Eclecticist (level 12, -1/59 HPs)
             Began as a Deep Elf Conjurer on Oct 4, 2020.
             Was a High Priest of Qazlal.
             Slain by an eight-headed hydra (8 damage)
             ... on level 13 of the Dungeon.
             The game lasted 01:40:38 (17831 turns).

tacoguy the Eclecticist (Deep Elf Conjurer)        Turns: 17831, Time: 01:40:40

Health: -1/59      AC: 16    Str:  4    XL:     12   Next: 53%
Magic:  10/36      EV: 13    Int: 41    God:    Qazlal [*****.]
Gold:   208        SH:  0    Dex: 13    Spells: 18/47 levels left

rFire    . . .     SeeInvis .   s - +3 dagger (vamp)
rCold    . . .     Faith    .   (no shield)
rNeg     . . .     Spirit   .   L - +2 robe {MR+}
rPois    .         Reflect  +   c - +2 helmet
rElec    .         Harm     .   l - +2 cloak
rCorr    .         Rampage  .   (no gloves)
MR       ++...     Rnd*Rage +   v - +2 pair of boots
Stlth    +.........             B - amulet of reflection
HPRegen  0.19/turn              d - +6 ring of intelligence
MPRegen  0.25/turn              f - +6 ring of intelligence

@: confused, protected from physical damage, repel missiles
A: berserk 1, wild magic 1, MP-powered wands
a: Upheaval, Elemental Force, Disaster Area, Renounce Religion


You were on level 13 of the Dungeon.
You worshipped Qazlal.
Qazlal was extremely pleased with you.
You visited 2 branches of the dungeon, and saw 14 of its levels.

You collected 781 gold pieces.
You spent 573 gold pieces at shops.

Inventory:

Hand Weapons
 s - a +3 vampiric dagger (weapon)
Armour
 c - a +2 helmet (worn)
 l - a +2 cloak (worn)
 v - a +2 pair of boots (worn)
 L - a +2 robe of magic resistance (worn)
Jewellery
 a - an uncursed ring of wizardry {unknown}
 d - a +6 ring of intelligence (left hand)
 f - a +6 ring of intelligence (right hand)
 o - an uncursed ring of stealth
 r - a ring of the Octopus King {rC+ AC+1 EV+1 Str+1 Int+1 Dex+1}
   (You found it on level 9 of the Dungeon)

   [ring of protection from cold]

   It affects your AC (+1).
   It affects your evasion (+1).
   It affects your strength (+1).
   It affects your intelligence (+1).
   It affects your dexterity (+1).
   It protects you from cold.
 x - an uncursed ring of see invisible
 B - an amulet of reflection (around neck)
 I - an uncursed ring of protection from magic
Wands
 p - a wand of polymorph (28)
 y - a wand of iceblast (4)
 z - a wand of disintegration (10)
 D - a wand of enslavement (30)
 G - a wand of acid (10)
Scrolls
 e - 4 scrolls of remove curse
 j - 4 scrolls of fog
 m - 2 scrolls of magic mapping
 t - 2 scrolls of holy word {unknown}
 u - 4 scrolls of identify
 A - 2 scrolls of teleportation
 F - 2 scrolls of immolation
 H - a scroll of blinking {unknown}
 K - a scroll of vulnerability {unknown}
Potions
 b - 2 potions of flight
 g - 2 potions of ambrosia
 h - 2 potions of magic
 i - a potion of might {unknown}
 k - a potion of brilliance
 q - 2 potions of cancellation
 w - a potion of stabbing {unknown}
 C - a potion of berserk rage {unknown}
 E - a potion of heal wounds
Miscellaneous
 n - a condenser vane (2/2)


   Skills:
 - Level 2.5 Dodging
 - Level 2.5 Stealth
 * Level 18.0 Spellcasting
 * Level 16.0 Conjurations


You had 18 spell levels left.
You knew the following spells:

 Your Spells              Type           Power        Failure   Level
b - Searing Ray           Conj           ######       1%          2
c - Fulminant Prism       Conj/Hex       #######...   1%          4
d - Iskenderun's Mystic   Conj/Tloc      #######.     1%          4
e - Fireball              Conj/Fire      #######...   1%          5
f - Inner Flame           Hex/Fire       #####...     4%          3
g - Call Canine Familiar  Summ           #####...     4%          3
h - Summon Ice Beast      Ice/Summ       #####...     11%         4
i - Summon Lightning Spi  Summ/Air       #####...     11%         4

Your spell library contained the following spells:

 Spells                   Type           Power        Failure   Level
 Beastly Appendage        Tmut           #####.       1%          1
 Foxfire                  Conj/Fire      ####         1%          1
 Magic Dart               Conj           ####         1%          1
 Sandblast                Erth           #####.       1%          1
 Summon Small Mammal      Summ           ####         1%          1
 Conjure Flame            Conj/Fire      #######.     1%          3
 Dazzling Flash           Conj/Hex       ######       1%          3
 Stone Arrow              Conj/Erth      ######       1%          3
 Sticky Flame             Conj/Fire      #######.     1%          4
 Call Imp                 Summ           #####...     2%          2
 Passwall                 Tmut/Erth      #####...     2%          2
 Wereblood                Tmut           #####...     2%          2
 Confusing Touch          Hex            #####...     4%          3
 Gell's Gravitas          Tloc           #####.....   4%          3
 Spider Form              Tmut/Pois      #####.....   4%          3
 Summon Guardian Golem    Hex/Summ       #####...     4%          3
 Ice Form                 Ice/Tmut       #####...     11%         4
 Petrify                  Tmut/Erth      #####...     11%         4
 Blade Hands              Tmut           #####.....   28%         5
 Lee's Rapid Deconstruct  Erth           #####.....   28%         5
 Metabolic Englaciation   Hex/Ice        #####.....   28%         5
 Yara's Violent Unravell  Hex/Tmut       #####.....   28%         5


Dungeon Overview and Level Annotations

Branches:
Dungeon (13/15)            Temple (1/1) D:4            Lair (0/6) D:9
    Orc (0/2) D:10
 Vaults: D:13-14

Altars:
Ashenzari
Cheibriados
Dithmenos
Elyvilon
Fedhas
Gozag
Hepliaklqana
Kikubaaqudgha
Makhleb
Nemelex Xobeh
Okawaru
Qazlal
Ru
Sif Muna
Trog
Uskayaw
Vehumet
Wu Jian
Xom
Yredelemnul
Zin
The Shining One

Shops:
D:6 !   D:8 !   D:9 (*[   D:12 *}

Annotations:
D:6 exclusion: statue
D:13 Kirke


Innate Abilities, Weirdness & Mutations

You tend to lose your temper in combat.
Your spells are a little harder to cast, but a little more powerful.
You expend magic power (3 MP) to strengthen your wands.


Message History

Kirke flickers and vanishes!
Deactivating autopickup; reactivate with Ctrl-A.
The eight-headed hydra bites you. The eight-headed hydra bites you!
* * * LOW HITPOINT WARNING * * *
You feel more protected from physical attacks.
The eight-headed hydra bites you but does no damage. x2
The eight-headed hydra closely misses you. x2
The eight-headed hydra bites you.
* * * LOW HITPOINT WARNING * * *
The eight-headed hydra bites you but does no damage.
You're too confused to cast spells.
Drop what? 37/52 slots (_ for help) (? for menu, Esc to quit)
Okay, then.
You're too confused to move!
The eight-headed hydra bites you.
* * * LOW HITPOINT WARNING * * *
The eight-headed hydra barely misses you.
The eight-headed hydra closely misses you.
The eight-headed hydra bites you but does no damage.
The eight-headed hydra bites you!
You die...

..... ... #.#
#(#### #....#
##### ####.#
#.... #.#
#####(###
#D#####
#....[.[#
#.@...#
#.####..#
#####.# #.#
#.<#
#.#####.####)##
#.......#..)(..
#########.#.(.#
.. #...# #.
##.## # #.# ..#


You could see an eight-headed hydra.

Vanquished Creatures
  A boulder beetle (D:9)
  Erica (D:8)
  A death knight (D:11)
  A two-headed ogre (D:8)
  A tengu warrior (D:12)
  2 skeletal warriors (D:11)
  A cyclops (D:13)
  3 ugly things
  A centaur zombie (D:10)
  Maggie (D:6)
  4 centaur skeletons
  3 kobold demonologists (D:11)
  A freezing wraith (D:11)
  2 trolls
  A vampire (D:13)
  18 yaks
  5 spriggans (D:8)
  A shadow (D:10)
  A steam dragon (D:11)
  2 hogs (D:13)
  Edmund (D:6)
  A soldier ant (D:10)
  A water moccasin (D:7)
  Duvessa (D:6)
  4 orc warriors
  3 sky beasts
  A hornet zombie (D:9)
  An ice beast (D:7)
  3 ogres
  A necrophage (D:8)
  5 phantoms
  A wolf (D:9)
  8 centaurs
  3 big kobolds
  A gnoll sergeant (D:5)
  6 bullfrogs
  Dowan (D:6)
  6 scorpions
  A troll zombie (D:10)
  3 killer bees (D:8)
  16 wights
  5 howler monkeys
  2 electric eels (D:9)
  3 bullfrog zombies
  A quasit (D:9)
  6 hounds
  17 orc wizards
  6 orc priests
  2 bullfrog skeletons
  Ijyb (D:4)
  4 iguanas
  6 worker ants
  4 ogre zombies (D:10)
  A hound skeleton (D:4)
  A worker ant zombie (D:4)
  9 gnolls
  13 adders
  3 shadow imps
  An ooze (D:2)
  5 ufetubi
  An adder zombie (D:7)
  A worm (D:2)
  2 dart slugs (D:1)
  6 leopard geckos
  36 orcs
  6 bats
  8 giant cockroaches
  5 goblins
  6 hobgoblins
  14 jackals
  17 kobolds
  7 quokkas
  2 ball pythons
  4 frilled lizards
  A goblin skeleton (D:10)
  2 goblin zombies (D:10)
  2 hobgoblin skeletons (D:10)
  A hobgoblin zombie (D:10)
  A leopard gecko zombie (D:5)
  2 orc skeletons (D:10)
  14 orc zombies (D:10)
  6 rats
  2 fulminant prisms
355 creatures vanquished.

Vanquished Creatures (collateral kills)
  A death knight (D:11)
  A tengu warrior (D:12)
  An ugly thing (D:12)
  A centaur skeleton (D:12)
  A troll (D:10)
  4 yaks (D:9)
  A gnoll sergeant (D:10)
  A troll zombie (D:10)
  2 wights
  2 worker ants
  2 ogre zombies (D:10)
  A gnoll (D:10)
  4 orcs (D:9)
  3 orc zombies (D:10)
25 creatures vanquished.

Vanquished Creatures (others)
  97 fulminant prisms
  2 plants (D:12)
99 creatures vanquished.

Grand Total: 479 creatures vanquished

Notes
Turn   | Place    | Note
-------+----------+-------------------------------------------
     0 | D:1      | tacoguy the Deep Elf Conjurer began the quest for the Orb.
     0 | D:1      | Reached XP level 1. HP: 10/10 MP: 6/6
   101 | D:1      | Reached XP level 2. HP: 6/15 MP: 0/8
   284 | D:1      | Learned a level 2 spell: Searing Ray
   408 | D:1      | Reached skill level 5 in Conjurations
   916 | D:1      | Reached XP level 3. HP: 19/19 MP: 7/10
  1555 | D:2      | Found an iron altar of Okawaru.
  1878 | D:2      | Reached skill level 4 in Spellcasting
  2015 | D:3      | Reached XP level 4. HP: 24/24 MP: 8/12
  2080 | D:3      | Learned a level 4 spell: Fulminant Prism
  2085 | D:3      | Learned a level 4 spell: Iskenderun's Mystic Blast
  2533 | D:3      | Found a blossoming altar of Fedhas.
  2599 | D:3      | Reached skill level 5 in Spellcasting
  2599 | D:3      | Reached XP level 5. HP: 15/28 MP: 0/14
  2747 | D:3      | Found a white marble altar of Elyvilon.
  2829 | D:3      | Found an opulent altar of Gozag.
  3078 | D:4      | Noticed an ogre
  3153 | D:4      | Killed an ogre
  3153 | D:4      | Reached skill level 6 in Spellcasting
  3153 | D:4      | Reached XP level 6. HP: 10/32 MP: 3/17
  3417 | D:4      | Found a blossoming altar of Fedhas.
  3751 | D:4      | Found a staircase to the Ecumenical Temple.
  3832 | D:4      | Noticed Ijyb
  3841 | D:4      | Killed Ijyb
  3841 | D:4      | Reached skill level 7 in Spellcasting
  4140 | Temple   | Entered the Ecumenical Temple
  4203 | Temple   | Became a worshipper of Qazlal Stormbringer
  4234 | D:5      | Entered Level 5 of the Dungeon
  4240 | D:5      | Reached XP level 7. HP: 36/36 MP: 8/19
  4582 | D:5      | Found a shimmering blue altar of Sif Muna.
  4617 | D:5      | Reached skill level 8 in Spellcasting
  5376 | D:6      | Reached XP level 8. HP: 41/41 MP: 10/22
  5387 | D:6      | Reached skill level 9 in Spellcasting
  5387 | D:6      | Noticed Maggie
  5506 | D:6      | Reached * piety under Qazlal
  5651 | D:6      | Found a hide-covered altar of Uskayaw.
  5680 | D:6      | Noticed Duvessa
  5680 | D:6      | Noticed Dowan
  5684 | D:6      | Killed Duvessa
  5684 | D:6      | Killed Dowan
  5773 | D:6      | Found an ancient bone altar of Kikubaaqudgha.
  5878 | D:6      | Noticed Edmund
  5883 | D:6      | Killed Edmund
  5883 | D:6      | Reached skill level 10 in Spellcasting
  5946 | D:6      | Found a sparkling altar of Nemelex Xobeh.
  5987 | D:6      | Killed Maggie
  5987 | D:6      | Reached skill level 10 in Conjurations
  6091 | D:6      | Found Kiyg's Distillery.
  6098 | D:6      | Bought a potion of magic for 80 gold pieces
  6098 | D:6      | Bought 2 potions of mutation for 160 gold pieces
  6098 | D:6      | Gained mutation: You are weak. (Str -2) [potion of
                  | mutation]
  6098 | D:6      | Gained mutation: You tend to lose your temper in combat.
                  | [potion of mutation]
  6098 | D:6      | Gained mutation: You can translocate small distances at
                  | will. [potion of mutation]
  6098 | D:6      | Gained mutation: You expend magic power (3 MP) to
                  | strengthen your wands. [potion of mutation]
  6099 | D:6      | Lost mutation: You expend magic power (3 MP) to strengthen
                  | your wands. [potion of mutation]
  6099 | D:6      | Lost mutation: You are weak. (Str -2) [potion of mutation]
  6099 | D:6      | Lost mutation: You can translocate small distances at will.
                  | [potion of mutation]
  6099 | D:6      | Gained mutation: You expend magic power (3 MP) to
                  | strengthen your wands. [potion of mutation]
  6099 | D:6      | Gained mutation: Your spells are a little harder to cast,
                  | but a little more powerful. [potion of mutation]
  6143 | D:6      | Found a radiant altar of Vehumet.
  6532 | D:7      | Reached XP level 9. HP: 45/45 MP: 18/25
  6540 | D:7      | Noticed a red ugly thing
  6551 | D:7      | Killed a red ugly thing
  6551 | D:7      | Reached skill level 11 in Spellcasting
  6944 | D:7      | Reached skill level 12 in Spellcasting
  7576 | D:7      | Reached ** piety under Qazlal
  7772 | D:7      | Found Zin's Purification Station.
  7775 | D:7      | Found a glowing silver altar of Zin.
  7780 | D:7      | Bought a potion of curing for 90 gold pieces
  7908 | D:7      | Learned a level 5 spell: Fireball
  7912 | D:7      | Learned a level 3 spell: Inner Flame
  8410 | D:8      | Noticed a two-headed ogre
  8414 | D:8      | Killed a two-headed ogre
  8414 | D:8      | Reached skill level 13 in Spellcasting
  8414 | D:8      | Reached XP level 10. HP: 27/50 MP: 17/29
  9044 | D:8      | Reached skill level 14 in Spellcasting
  9833 | D:8      | Noticed Erica
  9839 | D:8      | Killed Erica
  9912 | D:8      | Learned a level 3 spell: Call Canine Familiar
  9917 | D:8      | Learned a level 4 spell: Summon Ice Beast
  9948 | D:8      | Learned a level 4 spell: Summon Lightning Spire
 10062 | D:8      | Found a hazy altar of Hepliaklqana.
 10127 | D:8      | Found Tataorre's Distillery.
 10131 | D:8      | Bought a potion of heal wounds for 70 gold pieces
 10196 | D:9      | Found Ytusulo's Assorted Antiques.
 10318 | D:9      | Reached *** piety under Qazlal
 10319 | D:9      | Reached XP level 11. HP: 54/54 MP: 7/31
 10369 | D:9      | Reached skill level 15 in Spellcasting
 10694 | D:9      | Bought a wand of enslavement (10) for 54 gold pieces
 10694 | D:9      | Bought a scroll labeled UTTOEP YLAO for 27 gold pieces
 10706 | D:9      | Found the ring of the Octopus King
 10784 | D:9      | Found a staircase to the Lair.
 10875 | D:9      | Got a ring of the Octopus King
 11000 | D:9      | Noticed a boulder beetle
 11102 | D:9      | Killed a boulder beetle
 11377 | D:9      | Found a sacrificial altar of Ru.
 11378 | D:9      | Found Dafeeske's Antique Armour Shop.
 11459 | D:9      | Bought a runed robe for 92 gold pieces
 11498 | D:9      | Identified a ring of the Octopus King {rC+ AC+1 EV+1 Str+1
                  | Int+1 Dex+1} (You found it on level 9 of the Dungeon)
 11740 | D:9      | Found Sigeuck's Antique Weapon Boutique.
 11841 | D:9      | Found an ornate altar of the Wu Jian Council.
 12248 | D:10     | Entered Level 10 of the Dungeon
 13132 | D:10     | Reached **** piety under Qazlal
 13734 | D:10     | Found a staircase to the Orcish Mines.
 14259 | D:11     | Noticed a green ugly thing
 14341 | D:11     | Noticed a skeletal warrior
 14342 | D:11     | Reached skill level 16 in Spellcasting
 14344 | D:11     | Killed a green ugly thing
 14485 | D:11     | Noticed a skeletal warrior
 14485 | D:11     | Noticed a death knight
 14639 | D:11     | Killed a skeletal warrior
 14639 | D:11     | Killed a death knight
 14639 | D:11     | Killed a skeletal warrior
 14822 | D:11     | Reached skill level 15 in Conjurations
 14954 | D:11     | Reached ***** piety under Qazlal
 14954 | D:11     | Reached XP level 12. HP: 59/59 MP: 20/34
 14956 | D:11     | Reached skill level 17 in Spellcasting
 15347 | D:11     | Noticed a death knight
 15364 | D:11     | Killed a death knight
 15989 | D:12     | Noticed a tengu warrior
 15989 | D:12     | Noticed a tengu warrior
 16002 | D:12     | Killed a tengu warrior
 16009 | D:12     | Killed a tengu warrior
 17318 | D:12     | Found Boikhlua's Assorted Antiques.
 17404 | D:12     | Found Atakenit's Gadget Shop.
 17810 | D:13     | Reached skill level 18 in Spellcasting
 17813 | D:13     | Noticed an eight-headed hydra
 17829 | D:13     | Noticed Kirke
 17831 | D:13     | Slain by an eight-headed hydra

Illustrated notes

Levels and vault maps discovered:
D:1:      dpeg_arrival_rooms_with_view, layout_loops_ring
D:2:      layout_loops_ring, okawaru_gym_becter
D:3:      layout_rooms, nicolae_overflow_crystal_walls, grunt_gozag_breadcrumbs,
          fedhas_altar_4
D:4:      layout_cave_pools, old_standard_altar, minmay_temple_entry_steel_oval,
          minmay_misc_feat_x, uniq_ijyb
D:5:      layout_basic, kennysheep_mini_moat
D:6:      layout_gridville, vehumet_statue, eat_drink_and_be_merry_uskayaw,
          lemuel_doored_altar, serial_shops,
          nicolae_shop_temple_entry_statues_fountains, serial_glass,
          glass_columns_a, glass_columns_a, item_on_display_a,
          due_unseen_surprise, minmay_strange_pillars, minmay_strange_pillars,
          nemelex_lonely_heart_becter, uniq_edmund, uniq_maggie, uniq_duvessa
D:7:      layout_loops_corners, zin_purify, minmay_holes,
          kennysheep_generic_room_3
D:8:      kb_forest_paths, layout_basic, nicolae_overflow_hidden_temple,
          serial_shops, nicolae_shop_behind_doors, kennysheep_generic_room_14,
          uniq_erica
D:9:      layout_loops_ring, lemuel_round_altar, old_standard_altar,
          erik_lair_island, serial_shops, shop, nicolae_shop_stone, shop,
          minmay_fractal_squares_gapless_7
D:10:     layout_stronghold, zombieorc2_lemuel
D:11:     layout_cave_pools
D:12:     layout_stronghold, serial_shops, nicolae_shop_overgrown_old_shop,
          shop, grunt_ministairs_7
D:13:     layout_basic, erik_vaults_1, uniq_kirke
Temple:   zaba_magenta_temple

Skill      XL: |  1  2  3  4  5  6  7  8  9 10 11 12 |
---------------+-------------------------------------+-----
Conjurations   | 5 6 7 8 10 12 13 15 16 | 16.0
Spellcasting   | 4 5 6 7 8 10 13 14 16 18 | 18.0
Dodging        | |  2.5
Stealth        | |  2.5

Action                   |  1- 3 |  4- 6 |  7- 9 | 10-12 || total
-------------------------+-------+-------+-------+-------++-------
Melee: Dagger            |       |     4 |    15 |     3 ||    22
 Cast: Magic Dart        |    48 |    61 |    73 |    21 ||   203
       Searing Ray       |    10 |    14 |    29 |    41 ||    94
       Fulminant Prism   |       |     5 |    23 |    72 ||   100
       Iskenderun's Myst |       |       |     8 |    61 ||    69
       Inner Flame       |       |       |     3 |    14 ||    17
       Fireball          |       |       |     1 |    46 ||    47
       Call Canine Famil |       |       |       |    20 ||    20
       Summon Ice Beast  |       |       |       |    10 ||    10
       Summon Lightning  |       |       |       |    17 ||    17
Evoke: Wand              |       |     6 |    12 |     3 ||    21
  Use: Scroll            |     3 |    11 |     4 |    13 ||    31
       Potion            |     2 |     3 |     4 |     4 ||    13
Armor: Robe              |     1 |     6 |     5 |    23 ||    35
Dodge: Dodged            |     5 |    23 |    33 |    56 ||   117
Block: Other             |       |       |       |    22 ||    22
       Reflection        |       |       |       |     4 ||     4

Table legend: (Time is in decaauts)
 A = Elapsed time spent in this place.
 B = Non-inter-level travel time spent in this place.
 C = Inter-level travel time spent in this place.
 D = Time resting spent in this place.
 E = Time spent auto-exploring this place.
 F = Levels seen in this place.
 G = Mean time per level.
                   A        B        C        D        E       F      G
               +--------+--------+--------+--------+--------+-----+--------+
         Total |  17838 |  16894 |    944 |   8145 |   6385 |  14 | 1274.1 |
       Dungeon |  17758 |  16835 |    923 |   8145 |   6328 |  13 | 1366.0 |
        Temple |     80 |     59 |     21 |      0 |     57 |   1 |   80.0 |
               +--------+--------+--------+--------+--------+-----+--------+

Top non-repeatable levels by time:
    D:10: 3002 daAuts
     D:8: 2154 daAuts
     D:9: 1967 daAuts
    D:12: 1618 daAuts
     D:7: 1600 daAuts
     D:1: 1218 daAuts
     D:6: 1168 daAuts
     D:5: 1123 daAuts
     D:4: 1073 daAuts
     D:3: 1069 daAuts
    D:11: 856 daAuts
     D:2: 790 daAuts
    D:13: 113 daAuts
  Temple: 80 daAuts
